 Dungeon Crawl Stone Soup version 0.29-a0-885-gb26ba3297d (webtiles) character file.

Game seed: 3515338953208713693

1465 mandarbmax the Grappler (level 8, 0/50 (72) HPs)
             Began as a Troll Warper on July 21, 2022.
             Was a Believer of Okawaru.
             Slain by a wight
             ... wielding a +4 scimitar
              (2 damage)
             ... on level 6 of the Dungeon.
             The game lasted 00:10:49 (4393 turns).

mandarbmax the Grappler (Troll Warper)              Turns: 4393, Time: 00:10:51

HP:   0/50 (72)     AC:  6    Str: 20    XL:     8   Next: 48%
MP:   9/9           EV: 10    Int: 11    God:    Okawaru [**....]
Gold: 319           SH:  0    Dex:  9    Spells: 7/9 levels left

rFire   + . .      SeeInvis .     - Unarmed
rCold   . . .      Faith    .   (no shield)
rNeg    . . .      Spirit   .   a - +0 robe
rPois   .          Reflect  .   (helmet restricted)
rElec   .          Harm     .   s - +1 cloak
rCorr   .          Rampage  .   (gloves unavailable)
Will    .....                   (boots unavailable)
Stlth   +.........              t - amulet of magic regeneration
HPRegen 0.96/turn               g - ring of protection from fire
MPRegen 0.51/turn               (no ring)

@: weak-willed, very heavily drained
A: large, unfitting armour, claws 3, regeneration 1, shaggy fur 1, tough skin 1
a: Renounce Religion, Heroism


You were on level 6 of the Dungeon.
You worshipped Okawaru.
Okawaru was pleased with you.
You visited 1 branch of the dungeon, and saw 7 of its levels.
You also visited: Sewer.

You collected 319 gold pieces.

Inventory:

Missiles
 c - 7 boomerangs of dispersal
 i - 4 silver javelins (quivered)
 o - 8 atropa-tipped darts
 q - a throwing net
 A - 3 poisoned darts
Armour
 a - a +0 robe (worn)
 s - a +1 cloak (worn)
Jewellery
 g - a ring of protection from fire (left claw)
 t - an amulet of magic regeneration (around neck)
 w - a +6 ring of intelligence
Wands
 y - a wand of iceblast (5)
Scrolls
 d - 2 scrolls of amnesia
 k - 2 scrolls of poison
 l - a scroll of fear
 m - a scroll of vulnerability
 p - a scroll of fog {unknown}
 u - a scroll of enchant armour {unknown}
 v - a scroll of magic mapping
 z - a scroll of teleportation {unknown}
Potions
 b - a potion of haste
 e - a potion of magic
 f - 3 potions of curing {unknown}
 h - a potion of might
 j - 2 potions of heal wounds
 n - a potion of cancellation
 r - a potion of attraction {unknown}
 x - a potion of degeneration {unknown}


   Skills:
 - Level 2.0 Fighting
 + Level 3.1 Throwing
 - Level 2.0 Dodging
 * Level 9.4 Unarmed Combat
 - Level 1.2 Spellcasting
 - Level 2.1 Translocations
 + Level 3.0 Invocations


You had 7 spell levels left.
You knew the following spells:

 Your Spells              Type           Power      Damage    Failure   Level
a - Blink                 Tloc           10%        N/A       19%         2

Your spell library contained the following spells:

 Spells                   Type           Power      Damage    Failure   Level
 Shock                    Conj/Air       0%         1d3       32%         1
 Gell's Gravitas          Tloc           5%         N/A       36%         3
 Lesser Beckoning         Tloc           5%         N/A       36%         3
 Teleport Other           Tloc           5%         N/A       36%         3
 Searing Ray              Conj           0%         2d4       43%         2
 Dazzling Flash           Conj/Hex       0%         N/A       67%         3
 Inner Flame              Hex/Fire       0%         N/A       67%         3
 Swiftness                Air            0%         N/A       67%         3
 Airstrike                Air            0%         0-1+      97%         4
 Cause Fear               Hex            0%         N/A       97%         4
 Manifold Assault         Tloc           5%         N/A       98%         5
 Agony                    Necr           0%         N/A       100%        5
 Freezing Cloud           Conj/Ice/Air   0%         6-21      100%        5
 Silence                  Hex/Air        0%         N/A       100%        5
 Iron Shot                Conj/Erth      0%         9d1       100%        6
 Discord                  Hex            0%         N/A       100%        8


Dungeon Overview and Level Annotations

Branches:
Dungeon (7/15)             Temple (0/1) D:6           Sewer (visited)

Altars:
Ashenzari
Cheibriados
Fedhas
Nemelex Xobeh
Okawaru
Sif Muna
Trog
Zin
The Shining One

Annotations:
D:4 3 runed translucent doors, jimonade's ghost, amateur DEHu


Innate Abilities, Weirdness & Mutations

You are too large for most types of armour.
You have claws for hands.
Your natural rate of healing is unusually fast.
You are covered in fur. (AC +1)
You have tough skin. (AC +1)


Message History

Unknown command.
As you read the scroll labelled KADUIMI PEPIRE, it crumbles to dust.
You feel aware of your surroundings.
You sensed 6 altars.
It was a scroll of magic mapping.
You feel stable enough to blink again. The wight hits you with a +0 dagger.
The wight closely misses you. x2
As you read the scroll labelled OTHRYERU WUTUCI, it crumbles to dust.
It is a scroll of amnesia.
Really abort (and waste the scroll)?
Okay, then.
The wight hits you but does no damage.
The wight hits you with a +4 flail of freezing!
You feel drained.
* * * LOW HITPOINT WARNING * * *
The wight freezes you.
* * * LOW HITPOINT WARNING * * *
The wight hits you with a +0 battleaxe.
* * * LOW HITPOINT WARNING * * *
You feel drained. The wight hits you with a +4 scimitar.
* * * LOW HITPOINT WARNING * * *
You feel drained.
* * * LOW HITPOINT WARNING * * *
Okay, then.
Casting: Blink (safe; 19% risk of failure)
Confirm with . or Enter, or press ? or * to list all spells.
Okay, then.
You feel much better. The wight hits you with a +0 dagger.
The wight hits you with a +4 flail of freezing!
You feel drained. The wight freezes you.
* * * LOW HITPOINT WARNING * * *
The wight hits you with a +0 battleaxe!
* * * LOW HITPOINT WARNING * * *
The wight closely misses you.
You feel much better. The wight hits you with a +0 dagger.
You feel drained.
The wight hits you with a +4 flail of freezing.
The wight freezes you. The wight misses you.
The wight hits you with a +4 scimitar!
* * * LOW HITPOINT WARNING * * *
You feel drained.
You die...

,,*,,,,,,,,,*,,,*.............###
***,,,,,,,,,#☼☼§*.............+..
,,,,,,,,,,,##§.§###+#####.....#..
,,,,,,,,,,,#§§..#...†...'.....#..
,,,,,,,,,,,#§§§☼#.......#.....#'#
,,,,,,,,,,,#§§☼§#.......#........
,,,,,,,,,,,*#§○§#####'###........
,,,,,,,,,,,,#§§z##......#........
,,,,,,,,,,,,#§§z@#......#........
*+*,,,,,,,,,#§§zz#......#........
,,*,,,,,,,,,#§§§§#......#........
,,*,,,,,,,,,#§§§##......#........
,,*,,,,,,####§§§##......#........
,,*,,,,,,#..§☼○§........#######'#
,,*,,,,,,#.§§☼☼§##########......#
*+*,,,,,,#§☼§§§§##......##......#
,,,,,,,,,#......##.......'......#


You could see 4 wights.

Vanquished Creatures
  Grinder (D:3)
  A water moccasin (Sewer)
  2 ice beasts
  A sky beast (D:6)
  An ogre (D:3)
  A bullfrog (D:6)
  3 scorpions
  A wight (D:6)
  2 hounds
  A jelly (D:5)
  Crazy Yiuf (D:4)
  2 iguanas
  Jessica (D:2)
  14 gnolls
  4 adders
  2 river rats (D:3)
  3 ufetubi
  6 worms
  A dart slug (D:3)
  10 orcs
  10 bats
  5 endoplasms
  5 giant cockroaches
  11 goblins
  9 hobgoblins
  10 jackals
  7 kobolds
  4 quokkas
  7 ball pythons
  12 rats
138 creatures vanquished.

Notes
Turn   | Place    | Note
-------+----------+-------------------------------------------
     0 | D:1      | mandarbmax the Troll Warper began the quest for the Orb.
     0 | D:1      | Reached XP level 1. HP: 19/19 MP: 1/1
    50 | D:1      | Reached skill level 1 in Throwing
   111 | D:1      | Reached XP level 2. HP: 27/28 MP: 2/2
   160 | D:1      | Found a faded altar of an unknown god.
   295 | D:1      | Reached skill level 3 in Unarmed Combat
   342 | D:1      | Reached XP level 3. HP: 35/35 MP: 3/3
   741 | D:2      | Learned a level 2 spell: Blink
  1299 | D:2      | Noticed Jessica
  1305 | D:2      | Killed Jessica
  1306 | D:2      | Reached skill level 4 in Unarmed Combat
  1306 | D:2      | Reached XP level 4. HP: 42/42 MP: 4/4
  1700 | D:2      | HP: 1/42 [gnoll/+0 club (7)]
  1797 | D:3      | Reached skill level 5 in Unarmed Combat
  1797 | D:3      | Reached XP level 5. HP: 40/49 MP: 5/5
  1857 | D:3      | Found a glowing silver altar of Zin.
  1857 | D:3      | Found a bloodstained altar of Trog.
  1857 | D:3      | Found a snail-covered altar of Cheibriados.
  1857 | D:3      | Found an iron altar of Okawaru.
  1858 | D:3      | Found a blossoming altar of Fedhas.
  1858 | D:3      | Found a glowing golden altar of the Shining One.
  1859 | D:3      | Found a broken altar of Ashenzari.
  1859 | D:3      | Found a shimmering blue altar of Sif Muna.
  1859 | D:3      | Found a sparkling altar of Nemelex Xobeh.
  1870 | D:3      | Became a worshipper of Warmaster Okawaru
  1964 | D:3      | Found a glowing drain.
  1969 | Sewer    | Entered a sewer
  2011 | Sewer    | Noticed a water moccasin
  2024 | Sewer    | Killed a water moccasin
  2025 | Sewer    | Reached skill level 6 in Unarmed Combat
  2025 | Sewer    | Reached XP level 6. HP: 22/57 MP: 6/6
  2155 | D:3      | Noticed Grinder
  2203 | D:3      | Paralysed by Grinder for 3 turns
  2212 | D:3      | Killed Grinder
  2212 | D:3      | Reached * piety under Okawaru
  2213 | D:3      | Reached skill level 7 in Unarmed Combat
  2213 | D:3      | Reached XP level 7. HP: 41/65 MP: 7/7
  2780 | D:4      | Reached skill level 8 in Unarmed Combat
  2800 | D:4      | Found a runed translucent gate.
  2800 | D:4      | Found a runed translucent gate.
  2800 | D:4      | Found a runed translucent gate.
  2870 | D:4      | Found a runed translucent door.
  2871 | D:4      | Noticed Crazy Yiuf
  2957 | D:4      | Noticed jimonade's ghost (amateur DEHu)
  3433 | D:4      | Killed Crazy Yiuf
  3434 | D:4      | Reached skill level 1 in Invocations
  3495 | D:5      | Entered Level 5 of the Dungeon
  3626 | D:5      | Reached ** piety under Okawaru
  3679 | D:5      | You fall into a shaft and drop 2 floors!
  3703 | D:7      | Reached XP level 8. HP: 69/72 MP: 8/8
  3735 | D:7      | Got Sif Muna's Quarto of Blows and Bruises and Ozone
  4020 | D:6      | Found a staircase to the Ecumenical Temple.
  4081 | D:6      | Reached skill level 9 in Unarmed Combat
  4393 | D:6      | HP: 2/53 [wight/+4 scimitar (17)]
  4393 | D:6      | Slain by a wight

Illustrated notes

Levels and vault maps discovered:
D:1:      lightli_arrival_windingriver, layout_basic,
          chequers_ecumenical_altar_island
D:2:      layout_basic, uniq_jessica
D:3:      layout_rooms, nicolae_overflows_in_rows, lightli_sewer_entry_pipes,
          uniq_grinder
D:4:      layout_loops_cross, serial_rivers, chequers_serial_rivers_micro_c,
          chequers_serial_rivers_large_a, chequers_serial_rivers_large_b,
          chequers_serial_rivers_room_b, chequers_serial_rivers_small_a,
          gammafunk_ghost_icy, uniq_crazy_yiuf_cottage
D:5:      layout_cave_pools
D:6:      layout_gridville, doesnt_xom_only_xom,
          minmay_temple_entry_statues_fountains
D:7:      layout_cave_pools

Skill      XL: |  1  2  3  4  5  6  7  8 |
---------------+-------------------------+-----
Throwing       | 1 2 3 |  3.1
Dodging        | 2 |  2.0
Fighting       | 2 |  2.0
Unarmed Combat | 3 4 5 6 7 8 9 |  9.4
Invocations    | 2 3 |  3.0
Spellcasting   | |  1.2
Translocations | |  2.1

Action                   |  1- 3 |  4- 6 |  7- 9 || total
-------------------------+-------+-------+-------++-------
Melee: Unarmed           |   110 |   111 |   141 ||   362
       Punch             |     3 |     1 |     7 ||    11
Throw: Javelin           |       |    13 |     3 ||    16
       Dart              |       |     3 |       ||     3
 Cast: Blink             |       |     4 |     1 ||     5
  Use: Scroll            |       |     1 |     8 ||     9
       Potion            |       |     1 |     3 ||     4
 Stab: Sleeping          |     1 |       |       ||     1
Armor: Robe              |    33 |    52 |    40 ||   125
Dodge: Dodged            |    67 |    66 |    67 ||   200

Table legend: (Time is in decaauts)
 A = Elapsed time spent in this place.
 B = Non-inter-level travel time spent in this place.
 C = Inter-level travel time spent in this place.
 D = Time resting spent in this place.
 E = Time spent auto-exploring this place.
 F = Levels seen in this place.
 G = Mean time per level.
                   A        B        C        D        E       F      G
               +--------+--------+--------+--------+--------+-----+--------+
         Total |   4448 |   4315 |    133 |    124 |   3196 |   8 |  556.0 |
       Dungeon |   4304 |   4171 |    133 |     78 |   3158 |   7 |  614.9 |
         Sewer |    143 |    143 |      0 |     46 |     38 |   1 |  143.0 |
               +--------+--------+--------+--------+--------+-----+--------+

Top non-repeatable levels by time:
     D:2: 1059 daAuts
     D:4: 1007 daAuts
     D:1: 733 daAuts
     D:3: 614 daAuts
     D:6: 439 daAuts
     D:5: 420 daAuts
   Sewer: 143 daAuts
     D:7: 28 daAuts
